 Dungeon Crawl Stone Soup version 0.27.1-3-gb3d3a73c9e (webtiles) character file.

Game seed: 451830049267694514

112 CuBeRJAN3 the Skirmisher (level 4, -12/29 HPs)
             Began as a Gargoyle Fighter on Oct 8, 2021.
             Killed by divine providence
             ... invoked by an orc priest
              (14 damage)
             ... on level 3 of the Dungeon.
             The game lasted 00:06:04 (2709 turns).

CuBeRJAN3 the Skirmisher (Gargoyle Fighter)         Turns: 2709, Time: 00:06:04

Health: -12/29     AC: 21    Str: 21    XL:     4   Next: 93%
Magic:  4/4        EV:  5    Int:  8    God:
Gold:   65         SH:  9    Dex:  9    Spells: 3/3 levels left

rFire    . . .     SeeInvis .   j - +1 flail (protect)
rCold    . . .     Faith    .   c - +0 kite shield
rNeg     + . .     Spirit   .   a - +0 chain mail
rPois    ∞         Reflect  .   (no helmet)
rElec    +         Harm     .   (no cloak)
rCorr    .         Rampage  .   i - +0 pair of gloves
Will     .....                  (no boots)
Stlth    ..........             (no amulet)
HPRegen  0.09/turn              b - ring of wizardry
MPRegen  0.09/turn              (no ring)

@: under a protective aura
A: sickness immunity, AC +3, negative energy resistance 1, electricity
resistance, torment resistance 1, petrification resistance
a: no special abilities


You were on level 3 of the Dungeon.
You visited 1 branch of the dungeon, and saw 3 of its levels.

You collected 65 gold pieces.

Inventory:

Hand Weapons
 j - a +1 flail of protection (weapon)
Armour
 a - a +0 chain mail (worn)
 c - a +0 kite shield (worn)
 i - a +0 pair of gloves (worn)
Jewellery
 b - a ring of wizardry (left hand)
Wands
 k - a wand of digging (3)
Scrolls
 e - a scroll of amnesia
 f - a scroll of teleportation {unknown}
 l - a scroll of magic mapping {unknown}
Potions
 d - a potion of might
 h - a potion of heal wounds


   Skills:
 * Level 4.3 Fighting
 * Level 3.2 Maces & Flails
 + Level 3.8 Armour
 + Level 3.9 Shields


You had 3 spell levels left.
You didn't know any spells.
Your spell library contained the following spells:

 Spells                   Type           Power      Damage    Failure   Level
 Magic Dart               Conj           0%         1d3       99%         1
 Searing Ray              Conj           0%         3d3       100%        2
 Dazzling Flash           Conj/Hex       0%         N/A       100%        3
 Fulminant Prism          Conj/Hex       0%         3d6       100%        4
 Agony                    Necr           0%         N/A       100%        5
 Silence                  Hex/Air        0%         N/A       100%        5


Dungeon Overview and Level Annotations

Branches:
Dungeon (3/15)

Altars:
The Shining One


Innate Abilities, Weirdness & Mutations

You are immune to sickness and miasma.
Your stone body is resilient. (AC +3)
You are immune to poison.
You resist negative energy. (rN+)
You are resistant to electric shocks. (rElec)
You are resistant to unholy torment.
You are immune to petrification.


Message History

Items here: ( )) †.
You barely miss the kobold. You block the kobold's attack.
You sock the kobold!
Your weapon exudes an aura of protection.
You kill the kobold!
You block the orc's attack.
You barely miss the orc. The orc barely misses you.
You thump the orc!
You kill the orc!
Items here: ( )))) ††.
The orc priest invokes the aid of Beogh against you.
Beogh smites you!
Items here: ( )))) ††.
The orc priest hits you with a +0 flail.
You closely miss the orc priest.
The orc priest invokes the aid of Beogh against you.
Pain shoots through your body!
You closely miss the orc priest.
The orc priest calls down the wrath of Beogh upon you.
Beogh smites you!
* * * LOW HITPOINT WARNING * * *
The orc priest barely misses you.
There is a stone staircase leading down here.
You hit the orc priest but do no damage.
Your weapon exudes an aura of protection.
You block the orc priest's attack.
Your shield prevents you from hitting the orc priest.
You block the orc priest's attack.
You closely miss the orc priest.
The orc priest calls down the wrath of Beogh upon you.
You barely resist.
The orc priest begins to cast a cantrip, but forgets the words!
You closely miss the orc priest. You block the orc priest's attack.
You sock the orc priest!
Your weapon exudes an aura of protection.
The orc priest is heavily wounded.
The orc priest barely misses you.
The orc priest calls down the wrath of Beogh upon you.
Beogh smites you!
You die...

#.##.#.......
#.##.#.......
#..#)#.......
##(#.#.......
#.#.#.......
###########
#...#.......
#.........# ##..#
#.........#####.o#
................@#
..........########
..........#
..........###
.#..........#
.#..........#
.#..........#
.#..........#
.#..........#


You could see an orc priest.

Vanquished Creatures
  4 gnolls (D:2)
  2 adders (D:2)
  A dart slug (D:1)
  6 orcs
  A ball python (D:2)
  An endoplasm (D:1)
  2 giant cockroaches
  7 goblins
  5 hobgoblins
  2 jackals (D:2)
  6 kobolds
  3 quokkas (D:1)
  A bat (D:3)
  A frilled lizard (D:2)
  3 rats
45 creatures vanquished.

Notes
Turn   | Place    | Note
-------+----------+-------------------------------------------
     0 | D:1      | CuBeRJAN3 the Gargoyle Fighter began the quest for the Orb.
     0 | D:1      | Reached XP level 1. HP: 14/14 MP: 1/1
   301 | D:1      | Found a faded altar of an unknown god.
   306 | D:1      | Reached XP level 2. HP: 16/19 MP: 2/2
  1196 | D:2      | Reached XP level 3. HP: 7/24 MP: 3/3
  1507 | D:2      | Reached skill level 4 in Fighting
  1552 | D:2      | Reached XP level 4. HP: 29/29 MP: 4/4
  2109 | D:3      | Found a glowing golden altar of the Shining One.
  2701 | D:3      | HP: 1/29 [orc priest/divine providence (11)]
  2709 | D:3      | Killed from afar by an orc priest

Illustrated notes

Levels and vault maps discovered:
D:1:      minmay_arrival_glassed_features, layout_basic,
          ebering_ecumenical_altar_mist, glass_columns_a,
          hangedman_decor_clover_reticule
D:2:      layout_rooms, grunt_decor_resistance
D:3:      layout_basic, mainiacjoe_overflow_alcove_4, kennysheep_jessica_study

Skill      XL: |  1  2  3  4 |
---------------+-------------+-----
Fighting       | 4 |  4.3
Maces & Flails | 3 |  3.2
Armour         | |  3.8
Shields        | |  3.9

Action                   |  1- 3 |  4- 6 || total
-------------------------+-------+-------++-------
Melee: Flail             |    69 |    93 ||   162
  Use: Scroll            |       |     2 ||     2
Armor: Scale mail        |    27 |       ||    27
       Chain mail        |       |    59 ||    59
Dodge: Dodged            |    12 |    26 ||    38
Block: Kite shield       |    39 |    56 ||    95
